 Dungeon Crawl Stone Soup version 0.13-b1-45-g38f3f9b (webtiles) character file.

669 Lilouch the Slasher (level 7, -4/53 HPs)
             Began as a Mummy Fighter on Oct 9, 2013.
             Killed from afar by an orc wizard (8 damage)
             ... with a puff of flame
             ... on Level 4 of the Dungeon.
             The game lasted 00:37:21 (35216 turns).

Lilouch the Slasher (Mummy Fighter)                Turns: 35216, Time: 00:37:22

HP  -4/53        AC  9     Str 22      XL: 7   Next:  4%
MP   0/15        EV  5     Int  7      God:
Gold 135         SH 19     Dex 11      Spells:  0 memorised,  6 levels left

Res.Fire  : x . .   See Invis. : .   E - +0,+1 orc falchion
Res.Cold  : + . .   Warding    : .   w - +0 chain mail
Life Prot.: + + +   Conserve   : .   c - +0 shield
Res.Poison: +       Res.Corr.  : .   (no helmet)
Res.Elec. : .       Clarity    : .   (no cloak)
Sust.Abil.: . .     Spirit.Shd : +   (no gloves)
Res.Mut.  : .       Stasis     : .   (no boots)
Res.Rott. : +       Flight     : .   F - amulet of guardian spirit
Saprovore : . . .                    y - ring of magical power
                                     h - +1 ring of strength

@: somewhat resistant to hostile enchantments, extremely unstealthy
A: no food or potions, fire vulnerability, restore body, cold resistance 1, life
protection 3, poison resistance, torment resistance, unbreathing
a: no special abilities


You were on level 4 of the Dungeon.
You were not hungry.

You visited 1 branch of the dungeon, and saw 4 of its levels.

You collected 115 gold pieces.

Inventory:

Hand weapons
 a - a +0,-2 falchion
 b - a +1,+0 orcish hand axe
 s - a +0,+0 spear
 t - a +0,+0 sling
 A - a +1,+0 orcish hand axe
 E - a +0,+1 orcish falchion (weapon)
 H - a +0,+1 orcish spear
Missiles
 n - 60 darts (quivered)
 p - 75 stones
 q - 8 poisoned needles
 z - 18 sling bullets
 I - a throwing net
Armour
 c - a +0 shield (worn)
 w - a +0 chain mail (worn)
Comestibles
 f - 10 grapes
 l - 2 chokos
 r - 5 bread rations
 u - a meat ration
Scrolls
 d - 6 scrolls of identify {unknown}
 e - a scroll of enchant armour {unknown}
 j - a scroll of fog {unknown}
 v - a scroll of recharging {unknown}
 x - 2 scrolls of teleportation {unknown}
 B - 2 scrolls of curse jewellery {unknown}
 C - 2 scrolls of enchant weapon II {unknown}
 J - a scroll of remove curse {unknown}
 L - a scroll of curse armour {unknown}
Jewellery
 h - a +1 ring of strength (left hand)
 m - an uncursed ring of protection from cold {unknown}
 y - a ring of magical power (right hand)
 F - an amulet of guardian spirit (around neck)
Potions
 g - 4 potions of curing {unknown}
 i - a potion of restore abilities {unknown}
 k - a potion of brilliance {unknown}
 o - a potion of heal wounds {unknown}
 D - 2 potions of speed {unknown}
 G - a potion of agility {unknown}
Books
 K - a book of the Tempests

   Spells                             Type                      Level
   Static Discharge                   Conjuration/Air              3
   Lightning Bolt                     Conjuration/Air              5
   Fireball                           Conjuration/Fire             5
   Tornado                            Air                          9
   Shatter                            Earth                        9


   Skills:
 - Level 3.0 Fighting
 * Level 4.8 Long Blades
 + Level 3.9 Armour
 + Level 3.6 Shields


You had 6 spell levels left.
You didn't know any spells.

Dungeon Overview and Level Annotations

Branches:
Dungeon (4/27)
 Temple: D:4-7

Altars:


Innate Abilities, Weirdness & Mutations

You do not eat or drink.
Your flesh is vulnerable to fire.
Your flesh is cold resistant.
You are immune to negative energy.
Your system is resistant to poisons.
You are immune to unholy pain and torment.
You can survive without breathing.


Message History

* * * LOW HITPOINT WARNING * * *
You climb upwards.
There is a stone staircase leading down here.
You see here a large rock.
The orc wizard casts a spell at you. The puff of flame hits you!
You climb downwards.
There is a stone staircase leading up here.
You closely miss the orc wizard.
The orc wizard mumbles some strange words.
The orc wizard flickers and vanishes!
Deactivating autopickup; reactivate with Ctrl-A.
You hit it.
You hear some strange, mumbled words.
The puff of flame hits you! The fire burns you terribly!
* * * LOW HITPOINT WARNING * * *
You miss it. It hits you but does no damage.
You hear some strange, mumbled words.
The puff of flame hits you! The fire burns you terribly!
You die...

#####.# #...%.#
#.##### ###'######
### ####........#
..# #..'........#
..#####.##........#
..##....##........#
.....#####......@.#
..#### #......<.#
### ####'##### #.#
#.# ##### ### ###.#
.##8###⌠###8#.#
..............##
...............#


There were no monsters in sight!

Vanquished Creatures
  A hound (D:4)
  A jelly (D:3)
  5 orc wizards
  2 orc priests
  A scorpion (D:3)
  2 worker ants
  Ijyb (D:3)
  5 adders
  4 worms
  4 giant geckos
  An ooze (D:3)
  11 orcs
  3 ball pythons
  7 giant cockroaches
  13 hobgoblins
  3 jackals (D:1)
  13 kobolds
  2 quokkas
  6 bats
  6 giant newts
  16 goblins
  20 rats
  7 plants
134 creatures vanquished.

Vanquished Creatures (others)
  49 plants (D:2)
49 creatures vanquished.

Grand Total: 183 creatures vanquished

Notes
Turn   | Place    | Note
--------------------------------------------------------------
     0 | D:1      | Lilouch, the Mummy Fighter, began the quest for the Orb.
     0 | D:1      | Reached XP level 1. HP: 18/18 MP: 0/0
   295 | D:1      | Reached XP level 2. HP: 14/24 MP: 1/1
  4379 | D:1      | Noticed a big kobold
  4416 | D:1      | Reached XP level 3. HP: 28/30 MP: 2/2
 10695 | D:1      | Reached XP level 4. HP: 32/36 MP: 3/3
 11850 | D:1      | Noticed a stone giant skeleton
 24648 | D:2      | Noticed a centaur warrior
 24718 | D:3      | Noticed Ijyb
 24762 | D:3      | Killed Ijyb
 25021 | D:3      | Reached XP level 5. HP: 22/41 MP: 4/4
 25187 | D:4      | Noticed an ogre
 26847 | D:4      | Reached skill level 4 in Long Blades
 26847 | D:4      | Reached XP level 6. HP: 40/48 MP: 5/5
 30547 | D:3      | Noticed a two-headed ogre
 34432 | D:3      | Noticed a stone giant
 34977 | D:4      | Reached XP level 7. HP: 38/53 MP: 6/6
 35216 | D:4      | Killed from afar by an orc wizard

Action                   |  1- 3 |  4- 6 |  7- 9 || total
-------------------------+-------+-------+-------++-------
Melee: Falchion          |   596 |   490 |    29 ||  1115
 Stab: Distracted        |     1 |       |       ||     1
